 Dungeon Crawl Stone Soup version 0.31-a0-1300-gb6740aa4e6 (webtiles) character file.

Game seed: 9236949387302284039

336688 tilp the Bewitcher (level 20, -8/160 (166) HPs)
             Began as a Vampire Enchanter on Dec 16, 2023.
             Was the Champion of Wu Jian.
             Mangled by a spriggan defender
             ... wielding a +2 lajatang of electrocution
             ... led by the Enchantress
              (15 damage)
             ... on level 15 of the Dungeon on Dec 18, 2023.
             The game lasted 02:57:27 (63822 turns).

tilp the Bewitcher (Vampire Enchanter)             Turns: 63822, Time: 02:57:28

HP:   -8/160 (166)  AC: 31    Str:  7    XL:     20   Next: 99%
MP:   35/35         EV: 22    Int: 24    God:    Wu Jian [******]
Gold: 80            SH:  8    Dex: 17    Spells: 4/41 levels left

rFire   . . .        a - +8 dagger (freeze)
rCold   . . .        p - +3 buckler
rNeg    . . .        z - +5 ring mail {rPois}
rPois   +            h - +2 helmet
rElec   .            C - +2 cloak
rCorr   +            j - +2 pair of gloves
SInv    +            q - +2 pair of boots {Stlth+}
Will    +....        L - amulet of magic regeneration
Stlth   ++++++++     B - +4 ring of protection
HPRegen 0.66/turn    l - ring of the Coward {rCorr EV+5 Stlth+}
MPRegen 0.64/turn

%: no passive effects
@: weak-willed, healing quickly, slowed, studying 2 skills, lightly drained,
invisible, very slow
A: alive, fangs 3, see invisible, vampiric 2
}: 2/15 runes: decaying, serpentine
a: Exsanguinate, Renounce Religion, Wall Jump, Serpent's Lash, Heavenly Storm


You were on level 15 of the Dungeon.
You worshipped Wu Jian.
Wu Jian was exalted by your worship.
You visited 9 branches of the dungeon, and saw 39 of its levels.

You collected 6052 gold pieces.
You spent 5972 gold pieces at shops.

Inventory:

Hand Weapons
 a - a +8 dagger of freezing (weapon)
 b - a +5 long sword of flaming
Missiles
 g - a throwing net
 E - 8 curare-tipped darts
 F - 38 poisoned darts
 K - 18 boomerangs (quivered)
 M - 2 datura-tipped darts
 N - 8 javelins
Armour
 h - a +2 helmet (worn)
 j - a +2 pair of gloves (worn)
 o - a scarf of invisibility
 p - a +3 buckler (worn)
 q - a +2 pair of boots of stealth (worn)
 z - a +5 ring mail of poison resistance (worn)
 C - a +2 cloak (worn)
 O - an orb of guile
 P - a +0 kite shield of reflection
Jewellery
 l - the ring of the Coward (right hand) {rCorr EV+5 Stlth+}
   (You found it on level 2 of the Dungeon)

   [ring of evasion]

   EV+5:      It affects your evasion (+5).
   rCorr:     It protects you from acid and corrosion.
   Stlth+:    It makes you more stealthy.
 B - a +4 ring of protection (left hand)
 L - an amulet of magic regeneration (around neck)
Wands
 d - a wand of digging (11)
 s - a wand of roots (50)
 H - a wand of polymorph (17)
 I - a wand of quicksilver (23)
 J - a wand of flame (81)
 R - a wand of paralysis (52)
 V - a wand of mindburst (4)
Scrolls
 i - 16 scrolls of teleportation
 n - 10 scrolls of revelation
 v - 4 scrolls of blinking
 w - 5 scrolls of vulnerability
 D - 4 scrolls of fog
 G - 3 scrolls of summoning
 S - 4 scrolls of poison
 W - 3 scrolls of silence
 Y - 3 scrolls of fear
Potions
 c - 6 potions of invisibility
 e - 12 potions of heal wounds
 f - 9 potions of mutation
 k - 6 potions of enlightenment
 m - 8 potions of attraction
 t - 12 potions of curing
 u - 3 potions of resistance
 x - 2 potions of ambrosia
 A - 3 potions of lignification
 Q - 5 potions of haste
 T - 2 potions of cancellation
 U - a potion of magic
Miscellaneous
 r - a sack of spiders
 y - a lightning rod (4/4)
 X - a phial of floods


   Skills:
 * Level 16.4 Fighting
 - Level 8.8(11.3) Short Blades
 * Level 10.3(11.5) Long Blades
 + Level 4.0 Throwing
 - Level 12.5 Armour
 + Level 16.2 Dodging
 + Level 17.5 Stealth
 - Level 4.0 Shields
 - Level 11.0 Spellcasting
 + Level 6.0 Conjurations
 - Level 18.0 Hexes
 + Level 7.0 Summonings
 - Level 4.0 Ice Magic
 - Level 4.0 Air Magic
 + Level 12.9 Evocations


You had 4 spell levels left.
You knew the following spells:

 Your Spells              Type           Power      Damage    Failure   Level
a - Ensorcelled Hibernat  Hex/Ice        100%       N/A       1%          2
b - Confusing Touch       Hex            79%        N/A       1%          3
c - Tukima's Dance        Hex            79%        N/A       1%          3
d - Dazzling Flash        Conj/Hex       100%       N/A       1%          3
e - Summon Mana Viper     Hex/Summ       65%        N/A       3%          5
f - Silence               Hex/Air        30%        N/A       5%          5
g - Cause Fear            Hex            39%        N/A       1%          4
h - Enfeeble              Hex            39%        N/A       10%         7
i - Apportation           Tloc           26%        N/A       19%         1
j - Fulminant Prism       Conj/Hex       31%        3d16      1%          4

Your spell library contained the following spells:

 Spells                   Type           Power      Damage    Failure   Level
 Magic Dart               Conj           100%       1d8       1%          1
 Call Imp                 Summ           92%        N/A       1%          2
 Jinxbite                 Hex            100%       N/A       1%          2
 Inner Flame              Hex/Fire       54%        N/A       1%          3
 Summon Guardian Golem    Hex/Summ       65%        N/A       1%          3
 Anguish                  Hex/Necr       27%        N/A       4%          4
 Dimensional Bullseye     Hex/Tloc       27%        N/A       4%          4
 Kiss of Death            Conj/Necr      100%       2d13      5%          1
 Hailstorm                Conj/Ice       37%        3d9       7%          3
 Momentum Strike          Conj/Tloc      54%        3d9       9%          2
 Frozen Ramparts          Ice            64%        1d10      11%         3
 Poisonous Vapours        Pois/Air       44%        N/A       12%         2
 Mephitic Cloud           Conj/Pois/Air  29%        N/A       14%         3
 Stone Arrow              Conj/Erth      54%        3d10      16%         3
 Cigotuvi's Dreadful Rot  Necr/Pois/Air  38%        N/A       17%         2
 Sting                    Tmut/Pois      52%        1d5       19%         1
 Summon Ice Beast         Ice/Summ       39%        N/A       19%         4
 Blink                    Tloc           26%        N/A       28%         2
 Lesser Beckoning         Tloc           26%        N/A       28%         2
 Passwall                 Tmut/Erth      10%        N/A       28%         2
 Scorch                   Fire           26%        2d6       28%         2
 Sublimation of Blood     Necr           13%        N/A       28%         2
 Wereblood                Tmut           13%        N/A       28%         2
 Animate Armour           Summ/Erth      60%        N/A       41%         4
 Flame Wave               Conj/Fire      27%        2d9       47%         4
 Iskenderun's Mystic Bla  Conj/Tloc      27%        2d7       47%         4
 Sticky Flame             Conj/Fire      27%        2d5       47%         4
 Gell's Gravitas          Tloc           13%        N/A       50%         3
 Teleport Other           Tloc           13%        N/A       50%         3
 Vhi's Electric Charge    Tloc/Air       44%        N/A       63%         4
 Animate Dead             Necr           13%        N/A       88%         4
 Dispel Undead            Necr           13%        3d9       88%         4
 Leda's Liquefaction      Tmut/Erth      6%         N/A       88%         4
 Manifold Assault         Tloc           13%        N/A       88%         4
 Olgreb's Toxic Radiance  Pois           13%        N/A       88%         4
 Petrify                  Tmut/Erth      13%        N/A       88%         4
 Metabolic Englaciation   Hex/Ice        30%        N/A       5%          5
 Iskenderun's Battlesphe  Conj           42%        2d9       41%         5
 Freezing Cloud           Conj/Ice/Air   17%        6-21      58%         5
 Irradiate                Conj/Tmut      13%        3d16      83%         5
 Summon Cactus Giant      Summ           23%        N/A       85%         6
 Alistair's Intoxication  Tmut/Pois      8%         N/A       99%         5
 Bombard                  Conj/Erth      13%        9d3       100%        6
 Dispersal                Tloc           6%         N/A       100%        6
 Plasma Beam              Fire/Air       11%        2x1d22    100%        6
 Simulacrum               Ice/Necr       11%        N/A       100%        6
 Haunt                    Necr/Summ      15%        N/A       100%        7
 Monstrous Menagerie      Summ           23%        N/A       100%        7
 Ozocubu's Refrigeration  Ice            16%        4d11      100%        7
 Spellforged Servitor     Conj/Summ      22%        N/A       100%        7
 Summon Hydra             Summ           23%        N/A       100%        7
 Disjunction              Tloc           6%         N/A       100%        8
 Lehudib's Crystal Spear  Conj/Erth      13%        10d5      100%        8
 Polar Vortex             Ice            16%        12d2*     100%        9
 Shatter                  Erth           6%         3d9*      100%        9
 Borgnjor's Revivificati  Necr           Unusable   N/A       N/A         8
 Death's Door             Necr           Unusable   N/A       N/A         9

Dungeon Overview and Level Annotations

Branches:
Dungeon (15/15)            Temple (1/1) D:5            Lair (5/5) D:9
  Swamp (4/4) Lair:2        Snake (4/4) Lair:2        Slime (0/5) Lair:5
    Orc (2/2) D:11            Elf (3/3) Orc:2        Vaults (4/5) D:14
  Crypt (0/3) Vaults:2     Depths (1/4) D:15

Altars:
Ashenzari
Cheibriados
Dithmenos
Fedhas
Gozag
Hepliaklqana
Kikubaaqudgha
Makhleb
Nemelex Xobeh
Okawaru
Qazlal
Ru
Sif Muna
Trog
Uskayaw
Vehumet
Wu Jian
Xom
Yredelemnul

Shops:
Orc:1 *   Orc:2 [[*(=   Elf:2 *(**   Snake:2 =   Vaults:2 :   Vaults:3 [
Vaults:4 !

Portals:
Trove: Vaults:1 (give +2 storm dragon scales)

Annotations:
D:15 the Enchantress
Swamp:3 Donald shield?
Elf:2 3 runed translucent doors
Elf:3 4 exclusions


Innate Abilities, Weirdness & Mutations

Your natural rate of healing is accelerated.
You have razor-sharp teeth.
You have supernaturally acute eyesight. (SInv)
You are afflicted with vampirism and can become a bat while bloodless.


Message History

Unknown command.
Unknown command.
Unknown command.
You're too confused to cast spells.
Unknown command.
Unknown command.
Unknown command.
You're too confused to cast spells.
Unknown command.
You feel better.
The spriggan defender hits you with a +2 lajatang of electrocution!
* * * LOW HITPOINT WARNING * * *
You are electrocuted!
* * * LOW HITPOINT WARNING * * *
The Enchantress hits you with a +0 flail of protection!
* * * LOW HITPOINT WARNING * * *
The spriggan completely misses you.
The spriggan defender hits you with a +2 lajatang of electrocution!
* * * LOW HITPOINT WARNING * * *
You are electrocuted!
* * * LOW HITPOINT WARNING * * *
The Enchantress misses you.
Unknown command.
Unknown command.
Blink to where?
Press: ? - help, Dir - move target
As you read the scroll of blinking, it crumbles to dust.
The Enchantress casts a spell at you.
Your willpower is stripped away!
Unknown command.
Okay, then.
Press: ? - help, v - describe, . - travel
Here: a spriggan defender, wielding a +2 lajatang of electrocution and wearing a +0 robe The floor.
You fade into invisibility!
The spriggan defender hits you with a +2 lajatang of electrocution!
* * * LOW HITPOINT WARNING * * *
The Enchantress misses you.
The spriggan defender hits you with a +2 lajatang of electrocution!
You die...

#..# #..............## #..#
#................ ########..#
#....#####.......
#.........####....#...#.......
#........)........#...#.......
#.................#...'.......
#.......#.........#####.......
#.......#.#####............###
#.......#...i@#............#..
#....#.#+#.#ii#............#..
#.......#.[.#.#............#..
#....##.#[[)..#.##.........#..
#.......#§..#..............#(.
#.......####'####..........#..
#...........#..⌠#..†.......#..
#......##.#.....#.##.......#..
#.........#.#...#..........#..


You could see the Enchantress (fast, repels missiles, reflecting), a spriggan
defender and a spriggan.

Vanquished Creatures
  Nikola (Swamp:3)
  Rupert (Orc:2)
  A quicksilver dragon (Vaults:3)
  2 sphinxes
  Frances (D:14)
  A shadow dragon (Vaults:3)
  Gastronok (Lair:1)
  Kirke (D:14)
  2 tengu reavers
  The ghost of Sapher the Stormcaller, an adept MeEE of Cheibriados (Swamp:3)
  8 nagarajas
  5 fenstrider witches
  Aizul (Snake:3)
  Donald (Swamp:3)
  A deep elf sorcerer (Elf:2)
  14 vault wardens
  2 fire giants
  The ghost of JaaP the Spry, a journeyman DjFE of Makhleb (Orc:1)
  5 ghouls
  An orc warlord (Vaults:1)
  3 formless jellyfish
  A war gargoyle (Vaults:4)
  4 ironbound thunderhulks
  17 ironbound preservers
  3 deep elf death magi
  5 eleionomae
  A deep elf demonologist (Elf:1)
  The ghost of Ronoipt the Wallflower, a journeyman VSDe of Uskayaw (Lair:5)
  5 bunyips
  15 dire elephants
  2 ettins
  A fire dragon (Depths:1)
  11 yaktaur captains
  14 vault guards
  21 hydras
  2 shambling mangroves
  5 great orbs of eyes
  A salamander tyrant (Snake:4)
  3 spriggan air magi
  3 ghost crabs
  3 peacekeepers
  10 alligators
  2 catoblepae
  2 ogre magi
  5 ironbound frosthearts
  7 centaur warriors
  9 two-headed ogres
  10 anacondas
  2 tengu warriors
  2 deep troll shamans
  4 boulder beetles
  14 naga warriors
  4 orc high priests (Orc:2)
  12 death yaks
  9 shock serpents
  A hell hog (Lair:5)
  Sonja (Orc:2)
  12 naga sharpshooters
  A spriggan berserker (Swamp:3)
  6 deep elf knights
  2 iron trolls
  2 salamander mystics
  5 skeletal warriors
  6 goliath frogs
  4 large abominations (Elf:1)
  39 deep trolls
  2 glowing orange brains
  7 swamp dragons
  4 spriggan druids
  14 ironbound convokers
  8 bog bodies
  5 sea snakes (Snake:1)
  3 deep elf archers
  6 arcanists
  3 naga ritualists
  2 spectral hydras (Swamp:4)
  4 orc knights
  A phantasmal warrior (Swamp:4)
  13 lindwurms
  A steelbarb worm (Swamp:4)
  4 deep elf zephyrmancers
  A harpy (Vaults:1)
  2 orc sorcerers (Orc:2)
  A necromancer (Elf:1)
  16 deep elf pyromancers
  10 mana vipers
  3 will-o-the-wisps
  5 cyclopes
  A harpy (shapeshifter) (Elf:2)
  A human zombie (Vaults:2)
  3 oklob plants (Swamp:4)
  18 ugly things
  2 manticores
  A shining eye (shapeshifter) (Vaults:3)
  8 spectral spriggans (Swamp:1)
  5 elephants (Lair:4)
  Maurice (D:7)
  10 salamanders
  38 black mambas
  5 guardian serpents
  Joseph (D:7)
  3 kobold blastminers (Orc:1)
  11 vault sentinels
  A gargoyle (D:14)
  13 naga magi
  A torpor snail (Lair:4)
  12 dancing weapons
  12 cane toads
  An unseen horror (D:11)
  5 kobold demonologists (D:11)
  Maggie (D:6)
  5 rime drakes
  6 komodo dragons
  Psyche (D:8)
  2 freezing wraiths (Swamp:1)
  44 yaktaurs
  2 tengu conjurers (D:15)
  A hydra zombie (Swamp:4)
  9 trolls
  A death drake zombie (Swamp:4)
  4 meliai
  10 polar bears
  A tarantella (shapeshifter) (Elf:1)
  A raiju (shapeshifter) (D:14)
  Grinder (D:3)
  A bloated husk (Swamp:1)
  9 tyrant leeches
  7 hornets
  A hornet (shapeshifter) (D:13)
  4 raiju (Lair:5)
  2 hydra skeletons (Swamp:4)
  11 dream sheep
  21 blink frogs
  A glass eye (Depths:1)
  2 death drake skeletons (Swamp:4)
  4 air elementals
  Sigmund (D:4)
  2 spriggans (Swamp:1)
  40 yaks
  21 slime creatures
  A spriggan (shapeshifter) (D:15)
  3 hogs (D:14)
  4 wraiths
  4 shadows
  A water elemental (Elf:3)
  5 wyverns
  3 basilisks
  A steam dragon (D:8)
  3 vampire mosquitoes (Swamp:1)
  8 wargs
  Menkaure (D:4)
  The ghost of Dirtsage the Caller, an amateur OpSu (D:4)
  56 nagas
  2 acid dragons
  13 hell hounds (Lair:5)
  18 swamp worms
  13 water moccasins
  Duvessa (D:4)
  4 hydra simulacra (Swamp:4)
  6 swamp drakes
  The ghost of inmateoo the Ruffian, an amateur TrGl (D:3)
  3 swamp dragon zombies (Swamp:4)
  2 ice beasts
  15 orc warriors
  A black bear (shapeshifter) (D:10)
  5 ogres
  14 black bears
  7 boggarts
  2 swamp dragon skeletons (Swamp:4)
  12 centaurs
  24 wolves
  3 kobold brigands
  2 phantoms
  7 bullfrogs
  2 earth elementals (Elf:1)
  A gnoll sergeant (D:8)
  5 scorpions
  An elf zombie (Elf:1)
  5 wights
  Dowan (D:4)
  15 killer bees
  4 howler monkeys
  11 electric eels
  3 jellies
  38 orc priests
  8 hounds
  2 sleepcaps
  5 iguanas
  24 orc wizards
  A statue (D:9)
  A scorpion simulacrum (D:3)
  5 gnolls
  11 adders
  A worm (D:3)
  3 dart slugs
  An adder simulacrum (D:3)
  40 orcs
  8 endoplasms
  5 giant cockroaches
  9 goblins
  10 hobgoblins
  10 jackals
  5 quokkas
  9 ball pythons
  A ball python simulacrum (D:3)
  14 bats
  5 frilled lizards
  21 kobolds
  3 rats
  A spectral orc (D:10)
  A butterfly (Lair:2)
1363 creatures vanquished.

Vanquished Creatures (collateral kills)
  4 thorn hunters (Swamp:4)
  An iron dragon (Vaults:3)
  A deep elf annihilator (Elf:3)
  A shambling mangrove (Swamp:4)
  A vault guard (D:14)
  7 dancing weapons
  A naga sharpshooter (Snake:4)
  A vault sentinel (Vaults:3)
  A naga mage (Snake:4)
  An air elemental (Elf:3)
  A naga (Snake:4)
  4 wights
24 creatures vanquished.

Vanquished Creatures (others)
  A rakshasa (Depths:1)
  A vault sentinel (Vaults:1)
  15 dancing weapons
  A yaktaur (Vaults:2)
  4 bloated husks
  34 foxfires
56 creatures vanquished.

Grand Total: 1443 creatures vanquished

Notes
Turn   | Place    | Note
-------+----------+-------------------------------------------
     0 | D:1      | tilp the Vampire Enchanter began the quest for the Orb.
     0 | D:1      | Reached XP level 1. HP: 13/13 MP: 3/3
   119 | D:1      | Reached XP level 2. HP: 9/20 MP: 5/5
   167 | D:1      | Learned a level 2 spell: Ensorcelled Hibernation
   738 | D:1      | Reached skill level 1 in Fighting
  1055 | D:2      | Gained mutation: You are afflicted with vampirism and can
                  | become a bat while bloodless. [Vampire growth]
  1055 | D:2      | Reached XP level 3. HP: 26/26 MP: 6/6
  1059 | D:2      | Learned a level 3 spell: Confusing Touch
  1429 | D:2      | Identified the ring of the Coward {rCorr EV+5 Stlth+}
  1820 | D:2      | Reached XP level 4. HP: 32/32 MP: 7/7
  2128 | D:3      | Found a runed translucent gate.
  2128 | D:3      | Found a runed translucent gate.
  2129 | D:3      | Found a runed translucent gate.
  2141 | D:3      | Noticed an ice beast
  2201 | D:3      | Noticed Grinder
  2231 | D:3      | Killed an ice beast
  2232 | D:3      | Reached skill level 5 in Stealth
  2232 | D:3      | Reached skill level 5 in Hexes
  2232 | D:3      | Reached XP level 5. HP: 38/38 MP: 5/8
  2325 | D:3      | Killed Grinder
  2326 | D:3      | Reached XP level 6. HP: 21/46 MP: 3/10
  2428 | D:3      | Found a faded altar of an unknown god.
  2729 | D:3      | Noticed inmateoo's ghost (amateur TrGl)
  3148 | D:4      | Noticed Dirtsage's ghost (amateur OpSu)
  3148 | D:4      | Found a runed translucent door.
  3172 | D:4      | Noticed Sigmund
  3175 | D:4      | Reached XP level 7. HP: 52/52 MP: 11/11
  3197 | D:4      | Killed Sigmund
  3198 | D:4      | Reached skill level 1 in Armour
  3368 | D:4      | Noticed Menkaure
  3387 | D:4      | Killed Menkaure
  3388 | D:4      | Reached skill level 6 in Hexes
  3501 | D:4      | Reached skill level 5 in Short Blades
  3501 | D:4      | Reached XP level 8. HP: 60/60 MP: 7/13
  3657 | D:4      | Noticed Duvessa
  3659 | D:4      | Noticed Dowan
  3676 | D:4      | Killed Duvessa
  3681 | D:4      | Killed Dowan
  3801 | D:4      | Found an iron altar of Okawaru.
  3962 | D:4      | Found Huretu's Magic Scroll Shop.
  3965 | D:4      | Bought a scroll of blinking for 97 gold pieces
  3965 | D:4      | Bought a scroll of enchant weapon for 97 gold pieces
  3994 | D:5      | Entered Level 5 of the Dungeon
  4078 | D:5      | Found a staircase to the Ecumenical Temple.
  4098 | Temple   | Entered the Ecumenical Temple
  4496 | D:5      | Reached skill level 1 in Evocations
  4659 | D:5      | Learned a level 3 spell: Tukima's Dance
  4663 | D:5      | Learned a level 3 spell: Dazzling Flash
  5173 | D:6      | Found a bloodstained altar of Trog.
  5216 | D:6      | Reached skill level 7 in Hexes
  5296 | D:6      | Noticed Maggie
  5308 | D:6      | Killed Maggie
  5309 | D:6      | Reached skill level 5 in Fighting
  5309 | D:6      | Reached XP level 9. HP: 52/68 MP: 7/15
  5449 | D:6      | Reached skill level 5 in Dodging
  5821 | D:4      | Bought a scroll of identify for 26 gold pieces
  5821 | D:4      | Bought a scroll of identify for 26 gold pieces
  5821 | D:4      | Bought a scroll of amnesia for 52 gold pieces
  5821 | D:4      | Bought a scroll of identify for 26 gold pieces
  6055 | D:7      | Noticed Maurice
  6058 | D:7      | Killed Maurice
  6093 | D:7      | Reached skill level 8 in Hexes
  6208 | D:7      | Noticed Joseph
  6216 | D:7      | Killed Joseph
  6217 | D:7      | Reached XP level 10. HP: 65/76 MP: 0/17
  6654 | D:8      | Reached skill level 5 in Armour
  6723 | D:8      | Noticed Psyche
  6732 | D:8      | Killed Psyche
  6733 | D:8      | Reached skill level 5 in Spellcasting
  6924 | D:8      | Reached skill level 1 in Conjurations
  6947 | D:8      | Reached skill level 1 in Ice Magic
  7158 | D:8      | Found an ornate altar of the Wu Jian Council.
  7189 | D:8      | Became a worshipper of the Wu Jian Council
  7242 | D:8      | Found a shadowy altar of Dithmenos.
  7242 | D:8      | Found an opulent altar of Gozag.
  7275 | D:8      | Reached skill level 1 in Shields
  8071 | D:4      | Bought a scroll of enchant armour for 97 gold pieces
  8214 | D:9      | Noticed a two-headed ogre
  8225 | D:9      | Reached skill level 9 in Hexes
  8227 | D:9      | Killed a two-headed ogre
  8352 | D:9      | Reached XP level 11. HP: 83/83 MP: 6/19
  8513 | D:9      | Found a radiant altar of Vehumet.
  8539 | D:9      | Reached * piety under Wu Jian
  8734 | D:9      | Found an ancient bone altar of Kikubaaqudgha.
  8968 | D:9      | Found a staircase to the Lair.
  9592 | D:4      | Bought a scroll of enchant armour for 97 gold pieces
  9694 | D:10     | Entered Level 10 of the Dungeon
  9837 | D:10     | Reached skill level 1 in Long Blades
 10199 | D:10     | Found a basalt altar of Yredelemnul.
 10620 | D:11     | Reached skill level 10 in Hexes
 10630 | D:11     | Noticed a boulder beetle
 10637 | D:11     | Killed a boulder beetle
 10713 | D:11     | Noticed a sixfirhy
 10811 | D:11     | Reached ** piety under Wu Jian
 10916 | D:11     | Found a staircase to the Orcish Mines.
 11068 | D:11     | Noticed a red ugly thing
 11072 | D:11     | Killed a red ugly thing
 11483 | D:3      | Killed inmateoo's ghost
 11560 | D:4      | Killed Dirtsage's ghost
 11727 | Lair:1   | Entered Level 1 of the Lair of Beasts
 11884 | Lair:1   | Noticed Gastronok
 11921 | Lair:1   | Killed Gastronok
 11922 | Lair:1   | Reached skill level 11 in Hexes
 11922 | Lair:1   | Reached XP level 12. HP: 68/92 MP: 15/21
 12217 | Lair:1   | Reached skill level 10 in Stealth
 12724 | Lair:2   | Noticed a death yak
 12724 | Lair:2   | Noticed a death yak
 12724 | Lair:2   | Noticed a death yak
 12725 | Lair:2   | Killed a death yak
 12726 | Lair:2   | Killed a death yak
 12728 | Lair:2   | Killed a death yak
 12733 | Lair:2   | Reached skill level 12 in Hexes
 12774 | Lair:2   | Noticed a death yak
 12892 | Lair:2   | Reached *** piety under Wu Jian
 13034 | Lair:2   | Noticed a death yak
 13084 | Lair:2   | Noticed a death yak
 13145 | Lair:2   | Killed a death yak
 13147 | Lair:2   | Killed a death yak
 13147 | Lair:2   | Killed a death yak
 13534 | Lair:2   | Noticed a seven-headed hydra
 13538 | Lair:2   | Noticed a seven-headed hydra
 13538 | Lair:2   | Killed a seven-headed hydra
 13539 | Lair:2   | Reached skill level 10 in Fighting
 13539 | Lair:2   | Reached XP level 13. HP: 103/103 MP: 20/23
 13703 | Lair:2   | Found a staircase to the Swamp.
 14052 | Lair:2   | Found a staircase to the Snake Pit.
 14354 | Lair:3   | Reached skill level 10 in Dodging
 15149 | Lair:3   | Got Direlohe's Directory of Command
 15687 | Lair:4   | Reached **** piety under Wu Jian
 16813 | Lair:5   | Entered Level 5 of the Lair of Beasts
 16820 | Lair:5   | Found a staircase to the Slime Pits.
 17205 | Lair:5   | Found a runed translucent door.
 17207 | Lair:5   | Noticed Ronoipt's ghost (journeyman VSDe)
 17219 | Lair:5   | Identified the +1 robe "Niesyecu" {rElec rC+}
 17271 | Lair:5   | Reached XP level 14. HP: 111/111 MP: 22/25
 17274 | Lair:5   | Reached skill level 5 in Evocations
 17283 | Lair:5   | Reached ***** piety under Wu Jian
 17801 | Lair:5   | Found the +4 Cigotuvi's embrace {Corpsefed rMiasma ^Drain
                  | rN+}
 17865 | Lair:5   | Reached skill level 13 in Hexes
 18411 | Lair:5   | Reached skill level 5 in Long Blades
 18735 | Lair:5   | Got the Parchment of Aerial Shaping
 19095 | Lair:5   | Killed Ronoipt's ghost
 19263 | Orc:1    | Entered Level 1 of the Orcish Mines
 19454 | Orc:1    | Found a runed translucent door.
 19455 | Orc:1    | Noticed JaaP's ghost (journeyman DjFE)
 19469 | Orc:1    | Killed JaaP's ghost
 19664 | D:4      | Bought a scroll of acquirement for 676 gold pieces
 19819 | Orc:2    | Entered Level 2 of the Orcish Mines
 19819 | Orc:2    | Found Ropp's Jewellery Shoppe.
 19835 | Orc:2    | Noticed Sonja
 20248 | Orc:2    | Killed Sonja
 20248 | Orc:2    | Paralysed by an ogre mage for 5 turns
 20751 | Orc:2    | Reached ****** piety under Wu Jian
 20941 | Orc:2    | Noticed Rupert
 20970 | Orc:2    | Killed Rupert
 21855 | Orc:2    | Reached XP level 15. HP: 120/120 MP: 24/27
 21995 | Orc:2    | Found a staircase to the Elven Halls.
 22289 | Orc:2    | Found Ymebesow's Weapon Emporium.
 22289 | Orc:2    | Found Arygol's General Store.
 22290 | Orc:2    | Found Figeim's Armour Shoppe.
 22294 | Orc:2    | Found Hannom's Armour Shoppe.
 22298 | Orc:2    | Bought a scroll of enchant weapon for 105 gold pieces
 22319 | Orc:2    | Acquired 770 gold pieces
 22326 | Orc:2    | Bought a potion of curing for 42 gold pieces
 22326 | Orc:2    | Bought a scroll of fear for 56 gold pieces
 22328 | Orc:2    | Bought a +2 buckler for 247 gold pieces
 22383 | Orc:2    | Bought a +4 ring of protection for 468 gold pieces
 22515 | Orc:1    | Found Plog's Mayhem Merchandise.
 22920 | D:4      | Bought a scroll of teleportation for 39 gold pieces
 22920 | D:4      | Bought a scroll of revelation for 97 gold pieces
 23082 | D:12     | Identified the +2 leather armour "Koeh" {rElec rN+ Str+2
                  | Int-3}
 23355 | D:12     | Reached skill level 14 in Hexes
 23598 | D:12     | Reached skill level 10 in Armour
 24261 | D:14     | Noticed Frances
 24437 | D:14     | Killed Frances
 24586 | D:14     | Upgraded the game from 0.31-a0-1265-gaa4636e842 to
                  | 0.31-a0-1278-g11c5b68f87
 24696 | D:14     | Found a gate to the Vaults.
 24721 | D:14     | Reached skill level 15 in Hexes
 25143 | D:14     | Found an ornate altar of the Wu Jian Council.
 25251 | D:14     | Noticed Kirke
 25271 | D:14     | Killed Kirke
 25560 | D:15     | Entered Level 15 of the Dungeon
 25707 | D:15     | Found a staircase to the Depths.
 26671 | Snake:1  | Entered Level 1 of the Snake Pit
 26939 | Snake:1  | Reached XP level 16. HP: 64/129 MP: 22/29
 28373 | Snake:1  | Found a shimmering blue altar of Sif Muna.
 28821 | Snake:2  | Found a blossoming altar of Fedhas.
 28834 | Snake:2  | Found Jekoam's Jewellery Shoppe.
 31430 | Snake:3  | Identified the serpent talisman of Loss {rC+ rCorr Int+3
                  | SInv}
 31430 | Snake:3  | Noticed Aizul
 31438 | Snake:3  | Killed Aizul
 31980 | Snake:3  | Reached skill level 15 in Stealth
 32656 | Swamp:1  | Entered Level 1 of the Swamp
 33088 | Lair:2   | Reached XP level 17. HP: 120/140 MP: 25/30
 33093 | Lair:2   | Reached skill level 10 in Evocations
 35535 | Swamp:2  | Reached skill level 15 in Fighting
 36406 | Swamp:3  | Learned a level 5 spell: Summon Mana Viper
 36413 | Swamp:3  | Noticed Donald
 36470 | Swamp:3  | Killed Donald
 36684 | Swamp:3  | Reached skill level 1 in Summonings
 36993 | Swamp:3  | Noticed Sapher's ghost (adept MeEE)
 36993 | Swamp:3  | Found a runed translucent gate.
 36993 | Swamp:3  | Found a runed translucent gate.
 36993 | Swamp:3  | Found a runed translucent gate.
 37390 | Swamp:3  | Noticed Nikola
 37881 | Snake:4  | Entered Level 4 of the Snake Pit
 39106 | Snake:4  | Learned a level 5 spell: Silence
 39661 | Snake:4  | Reached skill level 1 in Air Magic
 40032 | Snake:4  | Reached XP level 18. HP: 149/149 MP: 31/31
 40960 | Snake:4  | Reached skill level 15 in Dodging
 41175 | Snake:4  | Got a serpentine rune of Zot
 41623 | Swamp:4  | Entered Level 4 of the Swamp
 42004 | Swamp:4  | Identified the +3 scale mail of the Mantidfly {rF+ rN+
                  | Dex+4}
 42708 | Swamp:4  | Upgraded the game from 0.31-a0-1278-g11c5b68f87 to
                  | 0.31-a0-1300-gb6740aa4e6
 43135 | Swamp:4  | Reached skill level 1 in Throwing
 43427 | Swamp:4  | Found a blossoming altar of Fedhas.
 43922 | Swamp:4  | Found a basalt altar of Yredelemnul.
 43935 | Swamp:4  | Got a decaying rune of Zot
 45142 | Elf:1    | Entered Level 1 of the Elven Halls
 45722 | Elf:1    | Paralysed by an air elemental for 1 turns
 45729 | Elf:1    | Paralysed by an air elemental for 1 turns
 45850 | Elf:1    | Got the Cyclopedia of Cadavers
 47072 | Vaults:1 | Entered Level 1 of the Vaults
 47858 | Vaults:1 | ;
 48468 | Vaults:1 | Reached XP level 19. HP: 155/155 MP: 32/32
 49936 | Vaults:1 | Found a portal to a secret trove of treasure.
 50846 | Vaults:2 | Found Luff's Book Shop.
 50860 | Vaults:2 | Bought a book of Hexes for 612 gold pieces
 50865 | Vaults:2 | Learned a level 4 spell: Cause Fear
 50873 | Vaults:2 | Learned a level 7 spell: Enfeeble
 51035 | Vaults:2 | Reached skill level 5 in Summonings
 52320 | Vaults:2 | Found a staircase to the Crypt.
 52320 | Vaults:2 | Found an ancient bone altar of Kikubaaqudgha.
 52321 | Vaults:2 | Found a basalt altar of Yredelemnul.
 52325 | Vaults:2 | Reached skill level 16 in Hexes
 53657 | Vaults:3 | Reached skill level 5 in Conjurations
 53801 | Vaults:3 | Reached skill level 10 in Spellcasting
 53962 | Vaults:3 | Paralysed by a formless jellyfish for 1 turns
 54393 | Vaults:3 | Found Gianobb's Armour Emporium.
 54933 | Vaults:3 | Reached XP level 20. HP: 164/164 MP: 34/34
 54984 | Vaults:3 | Paralysed by a formless jellyfish for 1 turns
 55991 | Vaults:4 | Reached skill level 17 in Hexes
 57087 | Vaults:4 | Paralysed by a formless jellyfish for 1 turns
 57563 | Vaults:4 | Reached skill level 10 in Long Blades
 57645 | Vaults:4 | Acquired 1086 gold pieces
 57673 | Vaults:4 | Found a runed translucent door.
 57800 | Vaults:4 | Found Naqypal's Distillery.
 57832 | Vaults:4 | Bought a potion of magic for 184 gold pieces
 57832 | Vaults:4 | Bought a potion of mutation for 184 gold pieces
 57832 | Vaults:4 | Bought a potion of curing for 69 gold pieces
 57832 | Vaults:4 | Bought a potion of curing for 69 gold pieces
 57832 | Vaults:4 | Bought a potion of heal wounds for 115 gold pieces
 59121 | Swamp:3  | Killed Nikola
 59237 | Swamp:3  | Killed Sapher's ghost
 59827 | Elf:2    | Found a runed translucent gate.
 59827 | Elf:2    | Found a runed translucent gate.
 59827 | Elf:2    | Found a runed translucent gate.
 59896 | Elf:2    | Found Gehabaob's Assorted Antiques.
 59898 | Elf:2    | Found Zivulin's Assorted Antiques.
 59900 | Elf:2    | Found Keud's Antique Weapon Shoppe.
 59928 | Elf:2    | Paralysed by an air elemental for 1 turns
 60000 | Elf:2    | Bought a scroll of enchant weapon for 270 gold pieces
 60027 | Elf:2    | Bought a warped dagger for 203 gold pieces
 60027 | Elf:2    | Identified the +8 dagger of the Messenger {holy, Int+4 SInv
                  | Stlth-} (You bought it in a shop on level 2 of the Elven
                  | Halls)
 60324 | Elf:2    | Found Yrukufuc's Assorted Antiques.
 60333 | Elf:2    | Bought a scroll of summoning for 323 gold pieces
 60333 | Elf:2    | Bought a scroll of blinking for 255 gold pieces
 60587 | Elf:3    | Entered Level 3 of the Elven Halls
 61116 | Elf:3    | Paralysed by an air elemental for 1 turns
 61131 | Elf:3    | Paralysed by an air elemental for 1 turns
 62216 | Depths:1 | Entered Level 1 of the Depths
 62374 | Vaults:2 | Bought the Almanac of the Impact and the Fjord for 816 gold
                  | pieces
 62376 | Vaults:2 | Learned a level 1 spell: Apportation
 62381 | Vaults:2 | Learned a level 4 spell: Fulminant Prism
 62617 | Elf:2    | Bought a garnet ring for 180 gold pieces
 62617 | Elf:2    | Bought a scroll of silence for 342 gold pieces
 62636 | Elf:2    | Bought a scroll of teleportation for 102 gold pieces
 62961 | Depths:1 | Reached skill level 18 in Hexes
 63797 | Depths:1 | Noticed the Enchantress
 63822 | D:15     | HP: 7/160 [spriggan defender/+2 lajatang of
                  | electrocution[the Enchantress] (16)]
 63822 | D:15     | Mangled by a spriggan defender

Illustrated notes

#.. .. #.. .. #..
#'##### #.. J..... #..
....#. #.. ..... #..
#########'#'#### #..
#.......@....... #..
#............... #..
#............... #..
#+############'#########
#..
......................
.....
......................
.....
......................
.....
......................
.....
......................
.....


Turn 47858 on Vaults:1: ;

Levels and vault maps discovered:
D:1:      dpeg_arrival_leaves_temple_mockup, layout_basic, minmay_misc_feat_tiny
D:2:      layout_loops_corners
D:3:      layout_basic, mainiacjoe_overflow_brackets,
          lemuel_coloured_pillars_altar, gammafunk_ghost_icy,
          hellmonk_ecumenical_altar_pennies_from_heaven, hellmonk_no_cap,
          uniq_grinder
D:4:      layout_rooms, okawaru_altar_gauntlet_db, serial_shops,
          nicolae_shop_behind_doors, ebering_ghost_sewer_d, uniq_sigmund,
          uniq_duvessa, uniq_menkaure
D:5:      layout_gridville, minmay_temple_entry_gardened_gates,
          minmay_checkerbox
D:6:      layout_gridville, bloody_trog, uniq_maggie
D:7:      layout_rooms, uniq_joseph, uniq_maurice
D:8:      layout_loops_ring, mainiacjoe_overflow_catwalk,
          gammafunk_temple_overflow_statue, uniq_psyche
D:9:      layout_roguey, amcnicky_altar_gilded, vehumet_statue,
          erik_lair_island, fountainhead, minmay_misc_feat_room,
          hangedman_abyss_or_decor_stagger
D:10:     layout_roguey, yredelemnul_forgotten_temple_becter
D:11:     layout_long_grid, minmay_orc_entry_guard_dogs,
          minmay_fractal_squares_gapless_5
D:12:     layout_cave_pools, hellmonk_talismancer
D:13:     layout_cave_pools
D:14:     layout_basic, lightli_vaults_fourway_checkpoint,
          pdpol_wu_jian_five_deadly_venoms, david_defended_altar_orc,
          uniq_kirke, uniq_frances
D:15:     hangedman_depths_entry_civil_slaughter, layout_irregular_city,
          hangedman_decor_clover_reticule, minmay_misc_feat_more_columns
Temple:   nicolae_temple_ecumenical_triangle
Lair:1:   layout_chaotic_city, uniq_gastronok
Lair:2:   layout_gridlike, palyth_hydra_swamp_entry, alex1729_snake_entry_snake,
          grunt_megastairs_3, lemuel_fruit_fields
Lair:3:   layout_small_grid, lemuel_fruit_tree
Lair:4:   layout_regular_city
Lair:5:   hangedman_lair_caniforms_friends, layout_misc_corridors,
          slime_entry_1, ebering_ghost_reflecting_pool, roderic_batcave,
          serial_bayou_shore_a, infiniplex_staircase_pool_2, grunt_megastairs_2
Swamp:1:  nicolae_swamp_flooded_prison, layout_falls_marsh,
          evilmike_swamp_ruin_house_3
Swamp:2:  layout_falls_marsh, infiniplex_staircase_pool, swamp_pool_5,
          nicolae_swamp_decorative_isthmus
Swamp:3:  layout_basic_swamp, gammafunk_ghost_hydra_chop,
          evilmike_swamp_ruin_house_1, swamp_pool_4, uniq_donald, uniq_nikola
Swamp:4:  byrel_swamp_growth_death_and_undeath, layout_basic_swamp,
          swamp_pool_1_2, nicolae_swamp_vermiculated
Snake:1:  layout_basic, serial_library_hellmonk_narrow_alcove
Snake:2:  layout_onion_interference, hangedman_feature_mirror,
          minmay_shop_enchanted_jewellery
Snake:3:  layout_onion_interference, uniq_aizul
Snake:4:  minmay_snake_end_coiled, layout_onion, serial_bayou_shore_b,
          grunt_megastairs_1
Orc:1:    layout_diamond_mine, basic_altar, ebering_ghost_inner_flame,
          minmay_shop_mayhem
Orc:2:    st_orc_mages, layout_caves, serial_shops,
          nicolae_shop_window_shopping, blackcustard_rock_pile, uniq_rupert,
          uniq_sonja
Elf:1:    layout_loops_cross, minmay_elf_necromancy
Elf:2:    nicolae_elf_blades_splatter_lattice [nooodl_blade_entry_preview],
          layout_geoelf_octagon, serial_shops, nicolae_shop_overgrown_old_shop,
          minmay_shop_star
Elf:3:    minmay_elf_hall_statues, layout_loops_ring, grunt_ministairs_2
Vaults:1: vaults_mumra_minichess_inversion, v_rooms_2,
          nicolae_vaults_double_plus_2, vaults_room_grunt_arrival_checkpoint,
          nicolae_vaults_shipping_containers_3, grunt_vaults_hallway_short,
          vaults_room_door_ring, v_misc_12, hangedman_vaults_hat,
          layout_vaults_quadrants, nicolae_trove_entry_crystal
Vaults:2: nicolae_vaults_network_periphery, grunt_vaults_focal,
          nicolae_vaults_storage_closets_1, nicolae_vaults_shrinking_rooms_2,
          nicolae_vaults_sightless_eye, minmay_crypt_entry_necro_gods,
          ontoclasm_vaults_decontamination, nicolae_vaults_yaktaur_gun_rack,
          layout_vaults_chaotic_city, serial_shops, shop
Vaults:3: hangedman_vaults_cutoff, vaults_room_fours,
          nicolae_vaults_apartment_1, nicolae_vaults_closet_pinwheel_5,
          v_alt_pattern_4, v_misc_2, nicolae_vaults_offset_grid_hallway_1,
          st_eye, nicolae_vaults_ninety_degrees,
          nicolae_vaults_layer_cake_slice, nicolae_vaults_six-pack,
          vaults_dpeg_emergency_exit, nicolae_vaults_little_squares_2,
          layout_vaults_omnibox, serial_shops,
          nicolae_shop_temple_entry_statues_fountains, uniq_margery
Vaults:4: v_misc_5, v_misc_11, nicolae_vaults_lightning_bolt,
          vaults_mumra_chevron, hangedman_vaults_cutoff,
          nicolae_vaults_trapezoid_lopsided_1, hangedman_vaults_slither,
          vaults_dpeg_encased_lava, hangedman_vaults_stagger,
          vaults_room_fancy_cross, v_misc_33, nicolae_vaults_oozy_zoo,
          nicolae_vaults_little_squares_5,
          serial_library_regret_index_small_wings, layout_vaults_maze,
          serial_shops, shop
Depths:1: minmay_the_grid_octo_tiled_squarecenter [minmay_the_grid_octo_horde,
          minmay_the_grid_octo_chip, minmay_the_grid_octo_clover_2,
          minmay_the_grid_octo_fat_diamond,
          minmay_the_grid_square_5x5_megaprize_crossed,
          minmay_the_grid_square_5x5_lines,
          minmay_the_grid_square_5x5_gyroscope,
          minmay_the_grid_square_5x5_two_walls_a,
          minmay_the_grid_square_5x5_seven], layout_long_grid, serial_shops,
          nicolae_shop_tiny_real_fake_doors, hell_entry, grunt_decor_fettered,
          chei_slow_surprise, minmay_shop_grove, uniq_enchantress

Skill      XL: |  1  2  3  4  5  6  7  8  9 10 11 12 13 14 15 16 17 18 19 20 |
---------------+-------------------------------------------------------------+-----
Fighting       | 1 2 3 5 6 7 10 11 12 14 15 16 | 16.4
Short Blades   | 2 3 4 5 6 7 8 |  8.8
Dodging        | 3 4 5 6 7 9 10 11 12 13 14 15 16 | 16.2
Stealth        | 5 6 7 8 9 10 11 12 13 15 16 17 | 17.5
Hexes          | 5 6 7 8 9 11 12 13 15 16 18 | 18.0
Spellcasting   | 3 4 5 6 7 8 9 10 11 | 11.0
Armour         | 2 3 4 5 6 7 8 9 10 11 12 | 12.5
Evocations     | 1 2 3 4 6 8 9 11 12 | 12.9
Conjurations   | 2 3 4 5 6 |  6.0
Ice Magic      | 1 2 3 4 |  4.0
Shields        | 1 2 3 4 |  4.0
Long Blades    | 2 3 4 5 6 8 9 10 | 10.3
Summonings     | 3 4 5 7 |  7.0
Air Magic      | 1 4 |  4.0
Throwing       | 4 |  4.0

Action                     |  1- 3 |  4- 6 |  7- 9 | 10-12 | 13-15 | 16-18 | 19-21 || total
---------------------------+-------+-------+-------+-------+-------+-------+-------++-------
  Melee: Dagger            |   112 |   117 |   196 |   489 |   944 |  1334 |   822 ||  4014
         Bite              |     8 |    15 |    19 |    59 |   118 |   270 |   151 ||   640
         Long sword        |       |       |       |       |    12 |   343 |   101 ||   456
  Throw: Dart              |       |       |       |       |       |     8 |       ||     8
         Boomerang         |       |       |       |       |       |    13 |     2 ||    15
   Cast: Ensorcelled Hiber |     8 |     1 |    38 |   159 |   392 |   319 |   305 ||  1222
         Confusing Touch   |       |     4 |     9 |    18 |    38 |   103 |    29 ||   201
         Tukima's Dance    |       |       |     5 |     7 |    15 |    29 |    17 ||    73
         Dazzling Flash    |       |       |       |    11 |    19 |   102 |   117 ||   249
         Summon Mana Viper |       |       |       |       |       |    10 |    16 ||    26
         Enfeeble          |       |       |       |       |       |       |    17 ||    17
         Silence           |       |       |       |       |       |       |     2 ||     2
Ability: Lunge             |       |       |       |    47 |    98 |   178 |    99 ||   422
         Whirlwind         |       |       |       |     4 |    57 |    63 |    64 ||   188
  Evoke: Wand              |       |       |       |     6 |       |    11 |       ||    17
         Lightning rod     |       |       |       |     5 |       |     6 |     2 ||    13
         Phial of floods   |       |       |       |       |       |     1 |       ||     1
         Sack of spiders   |       |       |       |       |       |       |     1 ||     1
    Use: Potion            |     1 |       |       |     1 |       |     1 |     3 ||     6
         Scroll            |     1 |     5 |     5 |     9 |    12 |    12 |     9 ||    53
   Stab: Invisible         |     3 |       |       |     1 |    12 |    82 |    77 ||   175
         Sleeping          |    21 |    12 |    46 |   114 |   287 |   233 |   193 ||   906
         Confused          |       |     3 |     8 |    16 |    45 |    90 |    37 ||   199
         Distracted        |       |     1 |     1 |       |       |     4 |     3 ||     9
         Petrified         |       |       |       |       |     1 |       |       ||     1
 Armour: Robe              |    50 |    25 |    27 |       |       |       |     6 ||   108
         Steam dragon scal |       |       |     9 |   128 |   453 |   796 |    20 ||  1406
         Ring mail         |       |       |       |       |       |       |   555 ||   555
  Dodge: Dodged            |    73 |    41 |   113 |   291 |   962 |  1110 |   654 ||  3244
  Block: Buckler           |       |     8 |    30 |    84 |   163 |   403 |   290 ||   978

Table legend: (Time is in decaauts)
 A = Elapsed time spent in this place.
 B = Non-inter-level travel time spent in this place.
 C = Inter-level travel time spent in this place.
 D = Time resting spent in this place.
 E = Time spent auto-exploring this place.
 F = Levels seen in this place.
 G = Mean time per level.
                   A        B        C        D        E       F      G
               +--------+--------+--------+--------+--------+-----+--------+
         Total |  63008 |  53547 |   9461 |  14739 |  22421 |  39 | 1615.6 |
       Dungeon |  17252 |  13913 |   3339 |   1444 |   9637 |  15 | 1150.1 |
        Temple |      1 |      1 |      0 |      0 |      0 |   1 |    1.0 |
          Lair |   9380 |   7768 |   1612 |   1361 |   5001 |   5 | 1876.0 |
         Swamp |   7782 |   6760 |   1022 |   2592 |   1404 |   4 | 1945.5 |
     Snake Pit |   9149 |   7954 |   1195 |   3274 |   2006 |   4 | 2287.2 |
  Orcish Mines |   3462 |   2979 |    483 |    818 |   1399 |   2 | 1731.0 |
   Elven Halls |   4044 |   3785 |    259 |   1109 |   1667 |   3 | 1348.0 |
        Vaults |  11203 |   9657 |   1546 |   3843 |   1306 |   4 | 2800.8 |
        Depths |    732 |    729 |      3 |    296 |      0 |   1 |  732.0 |
               +--------+--------+--------+--------+--------+-----+--------+

Top non-repeatable levels by time:
Vaults:1: 3531 daAuts
  Lair:2: 3370 daAuts
 Snake:4: 3045 daAuts
Vaults:2: 2783 daAuts
Vaults:3: 2710 daAuts
 Swamp:4: 2546 daAuts
 Snake:2: 2326 daAuts
  Lair:5: 2235 daAuts
 Swamp:1: 2220 daAuts
Vaults:4: 2177 daAuts
 Snake:3: 1900 daAuts
 Snake:1: 1877 daAuts
   Elf:1: 1835 daAuts
   Orc:1: 1821 daAuts
 Swamp:3: 1777 daAuts
